 Dungeon Crawl Stone Soup version 0.29-a0-338-g1ff7896281 (webtiles) character file.

Game seed: 6288337601230767972

65 zishaf the Digger (level 3, 0/29 HPs)
             Began as a Demigod Earth Elementalist on Apr 18, 2022.
             Killed from afar by Sigmund (6 damage)
             ... with a puff of flame
             ... on level 2 of the Dungeon.
             The game lasted 00:03:11 (1239 turns).

zishaf the Digger (Demigod Earth Elementalist)      Turns: 1239, Time: 00:03:11

Health: 0/29       AC:  2    Str: 15    XL:     3   Next: 67%
Magic:  4/8        EV: 12    Int: 21    God:
Gold:   38         SH:  0    Dex: 14    Spells: 0/6 levels left

rFire   . . .      SeeInvis .   a - +0 hunting sling
rCold   . . .      Faith    .   (no shield)
rNeg    . . .      Spirit   .   e - +0 robe
rPois   .          Reflect  .   (no helmet)
rElec   .          Harm     .   (no cloak)
rCorr   .          Rampage  .   (no gloves)
Will    .....                   (no boots)
Stlth   ++........              (no amulet)
HPRegen 0.09/turn               h - +6 ring of strength
MPRegen 0.11/turn               (no ring)

@: no status effects
A: high MP 1, forlorn, divine attributes
a: no special abilities


You were on level 2 of the Dungeon.
You visited 1 branch of the dungeon, and saw 2 of its levels.

You collected 38 gold pieces.

Inventory:

Hand Weapons
 a - a +0 hunting sling (weapon)
 b - a +0 dagger
Missiles
 d - 3 boomerangs
 g - 28 stones
Armour
 e - a +0 robe (worn)
Jewellery
 h - a +6 ring of strength (left hand)
Scrolls
 f - 3 scrolls of identify {unknown}
 j - a scroll of brand weapon {unknown}
 l - a scroll of amnesia {unknown}
Potions
 c - a potion of magic
 i - 2 potions of mutation {unknown}
 k - a potion of curing {unknown}
 m - a potion of might {unknown}


   Skills:
 + Level 1.8 Fighting
 - Level 1.7 Dodging
 - Level 1.7 Stealth
 - Level 2.0 Spellcasting
 + Level 0.7 Conjurations
 - Level 1.0 Transmutations
 + Level 3.5 Earth Magic


You couldn't memorise any spells.
You knew the following spells:

 Your Spells              Type           Power      Damage    Failure   Level
a - Sandblast             Erth           32%        2d9       3%          1
b - Passwall              Tmut/Erth      9%         N/A       9%          2
c - Stone Arrow           Conj/Erth      22%        3d8       19%         3

Your spell library contained the following spells:

 Spells                   Type           Power      Damage    Failure   Level
 Petrify                  Tmut/Erth      11%        N/A       50%         4


Dungeon Overview and Level Annotations

Branches:
Dungeon (2/15)

Annotations:
D:2 Sigmund


Innate Abilities, Weirdness & Mutations

You have an increased reservoir of magic. (+10% MP)
You shall have no god before yourself.
Your divine heritage dramatically boosts your attributes as you level up.


Message History

Press: ? - help, Shift-Dir - straight line, f/p - Sigmund
Aim: Sigmund, wielding a +0 scythe and wearing a +0 robe (64% to hit)
The stone arrow hits Sigmund!
Sigmund is moderately wounded.
Casting: Stone Arrow (quite dangerous; 19% risk of failure)
Confirm with . or Enter, or press ? or * to list all spells.
The spell is quite dangerous to miscast (19% risk of failure)!
Continue anyway?
Aiming: Stone Arrow (quite dangerous; 19% risk of failure)
Press: ? - help, Shift-Dir - straight line, f/p - Sigmund
Aim: Sigmund, wielding a +0 scythe and wearing a +0 robe (moderately wounded, 64% to hit)
You miscast Stone Arrow.
You are very lightly contaminated with residual magic.
Nothing appears to happen.
Sigmund hits you from afar with a +0 scythe!
Casting: Stone Arrow (quite dangerous; 19% risk of failure)
Confirm with . or Enter, or press ? or * to list all spells.
You don't have enough magic to cast this spell.
Found a robe.
Found Ozocubu's Autobiography.
Found a stone staircase leading down.
Your magical contamination has completely faded away.
There is a stone staircase leading down here.
Sigmund casts a spell at you.
You are confused.
Sigmund gestures at you while chanting. The magic dart hits you!
There is a stone staircase leading down, spattered with blood here.
Sigmund points at you and mumbles some strange words.
The magic dart hits you!
* * * LOW HITPOINT WARNING * * *
There is a stone staircase leading down, spattered with blood here.
You bump into the rock wall.
You bump into the rock wall.
You feel less confused. Sigmund barely misses you.
Sigmund points at you and mumbles some strange words.
You resist with some effort.
You see here Ozocubu's Autobiography.
Sigmund points at you and mumbles some strange words.
The puff of flame hits you.
You die...

#.#................)..##...
#.#.##.#######........##.#.
#.#.##.# ####.###....#.
#.#.##.# #######.###..####
#.#.##.# #.@.@>....##...#.
#.#.##.# #.####..#.####.#.
#.#.#..# #.# #.##.####...
#.#.#.#####.####......###.#
##.#.#.....@...[...###.###.#
#..........#.......# #......
#......###.####.#..# #.##..#
#..........# #.#......##..#
#.......##.####.#.##.####..#
#.................#.$ #..#
#.#.#####..#######.. ....
#.#.# #..# #.. ..... #...#
#.<# ##. .#...


You could see Sigmund.

Vanquished Creatures
  Jessica (D:2)
  A dart slug (D:1)
  A ball python (D:1)
  3 endoplasms (D:1)
  A giant cockroach (D:1)
  5 goblins
  4 hobgoblins
  3 jackals (D:1)
  A kobold (D:1)
  2 quokkas (D:1)
  5 bats (D:1)
  2 frilled lizards (D:1)
  4 rats (D:1)
33 creatures vanquished.

Notes
Turn   | Place    | Note
-------+----------+-------------------------------------------
     0 | D:1      | zishaf the Demigod Earth Elementalist began the quest for
                  | the Orb.
     0 | D:1      | Reached XP level 1. HP: 14/14 MP: 5/5
    27 | D:1      | Reached skill level 1 in Transmutations
   117 | D:1      | Reached XP level 2. HP: 21/22 MP: 2/7
   196 | D:1      | Reached skill level 3 in Earth Magic
   254 | D:1      | Reached skill level 1 in Fighting
   311 | D:1      | Learned a level 2 spell: Passwall
   699 | D:1      | Reached XP level 3. HP: 26/28 MP: 8/8
   703 | D:1      | Learned a level 3 spell: Stone Arrow
  1147 | D:2      | Noticed Jessica
  1150 | D:2      | Killed Jessica
  1214 | D:2      | Noticed Sigmund
  1239 | D:2      | Killed from afar by Sigmund

Illustrated notes

Levels and vault maps discovered:
D:1:      elethiomel_arrival_quiet, layout_loops_ring, hex_large, st_stairs_2
D:2:      minmay_door_path, layout_loops_ring, ebering_ecumenical_altar_webs,
          uniq_jessica, uniq_sigmund

Skill      XL: |  1  2 |
---------------+-------+-----
Transmutations | 1 |  1.0
Spellcasting   | 2 |  2.0
Earth Magic    | 3 |  3.5
Fighting       | 1 |  1.8
Dodging        | |  1.7
Stealth        | |  1.7
Conjurations   | |  0.7

Action                   || total
-------------------------++-------
Melee: Dagger            ||    10
       Punch             ||     1
 Fire: Hunting sling     ||    36
Throw: Boomerang         ||     7
 Cast: Sandblast         ||    32
       Stone Arrow       ||     1
Armor: Robe              ||     4
Dodge: Dodged            ||    22

Table legend: (Time is in decaauts)
 A = Elapsed time spent in this place.
 B = Non-inter-level travel time spent in this place.
 C = Inter-level travel time spent in this place.
 D = Time resting spent in this place.
 E = Time spent auto-exploring this place.
 F = Levels seen in this place.
 G = Mean time per level.
                   A        B        C        D        E       F      G
               +--------+--------+--------+--------+--------+-----+--------+
         Total |   1257 |   1228 |     29 |     81 |    878 |   2 |  628.5 |
       Dungeon |   1257 |   1228 |     29 |     81 |    878 |   2 |  628.5 |
               +--------+--------+--------+--------+--------+-----+--------+

Top non-repeatable levels by time:
     D:1: 1041 daAuts
     D:2: 215 daAuts
